TOP OF THE 1ST |
Waterloo Hawks batting - Pitching for Clinton Pilots : LHP Michael Weiermiller
|
Pitching: LHP Michael Weiermiller
|
|
Batting: RHB Edward Irvine
|
0-0: Ball 1-0: Fly out, F9 (Flyball, 9, EV 82.5 MPH)
|
Batting: RHB Jay Loviglio
|
0-0: Called Strike 0-1: Called Strike 0-2: Ground out 5-3 (Groundball, 56, EV 86.9 MPH)
|
Batting: RHB Joseph Kramer
|
0-0: Ball 1-0: Called Strike 1-1: Foul Ball, location: 2F 1-2: Ground out 6-3 (Groundball, 6, EV 81.3 MPH)
|
Top of the 1st over - 0 runs, 0 hits, 0 errors, 0 left on base; Waterloo 0 - Clinton 0 |
BOTTOM OF THE 1ST |
Clinton Pilots batting - Pitching for Waterloo Hawks : RHP Albert Arrieta
|
Pitching: RHP Albert Arrieta
|
|
Batting: RHB Danny Chairez
|
0-0: Ball 1-0: Ball 2-0: Swinging Strike 2-1: Called Strike 2-2: Foul Ball, location: 2F 2-2: Ground out 6-3 (Groundball, 6, EV 91.9 MPH)
|
Batting: RHB Tom Riley
|
0-0: Called Strike 0-1: Ball 1-1: SINGLE (Line Drive, 8RS, EV 89.4 MPH)
|
Batting: SHB Alan Regier
|
0-0: Called Strike 0-1: Foul Ball, location: 2F 0-2: Fly out, F6 (Popup, 6S, EV 70.6 MPH)
|
Batting: RHB Ellis Burks
|
0-0: Ground out 5-3 (Groundball, 56, EV 103.8 MPH)
|
Bottom of the 1st over - 0 runs, 1 hit, 0 errors, 1 left on base; Waterloo 0 - Clinton 0 |
TOP OF THE 2ND |
Waterloo Hawks batting - Pitching for Clinton Pilots : LHP Michael Weiermiller
|
Batting: LHB Ronald Davis
|
0-0: Ball 1-0: Fly out, F6 (Popup, 6, EV 57.5 MPH)
|
Batting: RHB Carmelo Aguayo
|
0-0: Ball 1-0: Ball 2-0: Ball 3-0: Base on Balls
|
Batting: RHB Juan Baez
|
0-0: Ball 1-0: Foul Ball, location: 2F 1-1: Called Strike 1-2: Strikes out swinging
|
Batting: RHB Michael Williams
|
0-0: Ball 1-0: Called Strike 1-1: Called Strike 1-2: Foul Ball, location: 2F 1-2: Fielders Choice at 2nd, 6-4 (Groundball, 6, EV 91.3 MPH)
|
Top of the 2nd over - 0 runs, 0 hits, 0 errors, 1 left on base; Waterloo 0 - Clinton 0 |
BOTTOM OF THE 2ND |
Clinton Pilots batting - Pitching for Waterloo Hawks : RHP Albert Arrieta
|
Batting: RHB Alberto Reyes
|
0-0: Ball 1-0: Ball 2-0: Foul Ball, location: 2F 2-1: Ground out 5-3 (Groundball, 56, EV 83.8 MPH)
|
Batting: LHB Darryl Stephens
|
0-0: Ball 1-0: Ball 2-0: Foul Ball, location: 2F 2-1: Ground out U3 (Groundball, 3, EV 101.9 MPH)
|
Batting: LHB Epifano Martinez
|
0-0: Ball 1-0: Called Strike 1-1: Ground out U3 (Groundball, 3L, EV 88.8 MPH)
|
Bottom of the 2nd over - 0 runs, 0 hits, 0 errors, 0 left on base; Waterloo 0 - Clinton 0 |
TOP OF THE 3RD |
Waterloo Hawks batting - Pitching for Clinton Pilots : LHP Michael Weiermiller
|
Batting: RHB Mark Doran
|
0-0: Called Strike 0-1: Ball 1-1: Swinging Strike 1-2: Strikes out swinging
|
Batting: RHB David Cusack
|
0-0: Ball 1-0: Fly out, F7 (Flyball, 7S, EV 88.8 MPH)
|
Batting: RHB Edward Irvine
|
0-0: Ball 1-0: Ball 2-0: Ground out 4-3 (Groundball, 4, EV 101.9 MPH)
|
Top of the 3rd over - 0 runs, 0 hits, 0 errors, 0 left on base; Waterloo 0 - Clinton 0 |
BOTTOM OF THE 3RD |
Clinton Pilots batting - Pitching for Waterloo Hawks : RHP Albert Arrieta
|
Batting: RHB Mark Parent
|
0-0: Foul Ball, location: 2F 0-1: Ball 1-1: Foul Ball, location: 2F 1-2: Ball 2-2: Foul Ball, location: 2F 2-2: SINGLE (Groundball, 56, EV 94.4 MPH)
|
Batting: LHB Roman Dusquesne
|
0-0: Ball 1-0: Foul Ball, location: 2F 1-1: Reached on error, E1 (Groundball, 13, EV 68.1 MPH) Mark Parent to second
|
Batting: RHB Danny Chairez
|
0-0: Ball 1-0: Foul Ball, location: 2F 1-1: Ball 2-1: Foul Ball, location: 2F 2-2: Foul Ball, location: 2F 2-2: Ball 3-2: Strikes out looking
|
Batting: RHB Tom Riley
|
0-0: Called Strike 0-1: Ball 1-1: Fly out, F8 (Flyball, 8LS, EV 86.3 MPH)
|
Batting: SHB Alan Regier
|
0-0: Called Strike 0-1: Called Strike 0-2: Strikes out looking
|
Bottom of the 3rd over - 0 runs, 1 hit, 1 error, 2 left on base; Waterloo 0 - Clinton 0 |
TOP OF THE 4TH |
Waterloo Hawks batting - Pitching for Clinton Pilots : LHP Michael Weiermiller
|
Batting: RHB Jay Loviglio
|
0-0: Foul Ball, location: 2F 0-1: Swinging Strike 0-2: Ball 1-2: Strikes out swinging
|
Batting: RHB Joseph Kramer
|
0-0: Ball 1-0: Ball 2-0: Ball 3-0: Base on Balls
|
Batting: LHB Ronald Davis
|
0-0: Called Strike 0-1: Ball 1-1: Ball 2-1: Grounds into double play, 4-6-3 (Groundball, 34, EV 103.1 MPH)
|
Top of the 4th over - 0 runs, 0 hits, 0 errors, 0 left on base; Waterloo 0 - Clinton 0 |
BOTTOM OF THE 4TH |
Clinton Pilots batting - Pitching for Waterloo Hawks : RHP Albert Arrieta
|
Batting: RHB Ellis Burks
|
0-0: Ball 1-0: Fly out, F6 (Line Drive, 6, EV 66.9 MPH)
|
Batting: RHB Alberto Reyes
|
0-0: Foul Ball, location: 2F 0-1: Foul Ball, location: 2F 0-2: Fly out, F8 (Line Drive, 8LD, EV 97.5 MPH)
|
Batting: LHB Darryl Stephens
|
0-0: Ball 1-0: SINGLE (Groundball, 34D, EV 99.4 MPH)
|
Batting: LHB Epifano Martinez
|
0-0: Called Strike 0-1: Ball 1-1: Fly out, F8 (Flyball, 89D, EV 106.3 MPH)
|
Bottom of the 4th over - 0 runs, 1 hit, 0 errors, 1 left on base; Waterloo 0 - Clinton 0 |
TOP OF THE 5TH |
Waterloo Hawks batting - Pitching for Clinton Pilots : LHP Michael Weiermiller
|
Batting: RHB Carmelo Aguayo
|
0-0: Ball 1-0: Ball 2-0: Ball 3-0: Called Strike 3-1: Base on Balls
|
Batting: RHB Juan Baez
|
0-0: Called Strike 0-1: Ball 1-1: Ball 2-1: Ball 3-1: Called Strike 3-2: Strikes out swinging
|
Batting: RHB Michael Williams
|
0-0: Called Strike 0-1: Fly out, F4 (Line Drive, 4, EV 67.5 MPH)
|
Batting: RHB Mark Doran
|
0-0: Ball 1-0: Foul Ball, location: 2F 1-1: Swinging Strike 1-2: Foul Ball, location: 2F 1-2: Fly out, F7 (Line Drive, 7, EV 95.0 MPH)
|
Top of the 5th over - 0 runs, 0 hits, 0 errors, 1 left on base; Waterloo 0 - Clinton 0 |
BOTTOM OF THE 5TH |
Clinton Pilots batting - Pitching for Waterloo Hawks : RHP Albert Arrieta
|
Batting: RHB Mark Parent
|
0-0: Fly out, F2 (Popup, 23F, EV 83.1 MPH)
|
Batting: LHB Roman Dusquesne
|
0-0: Ground out 5-3 (Groundball, 5, EV 103.1 MPH)
|
Batting: RHB Danny Chairez
|
0-0: Foul Ball, location: 2F 0-1: Ball 1-1: Foul Ball, location: 2F 1-2: Ground out 6-3 (Groundball, 6, EV 92.5 MPH)
|
Bottom of the 5th over - 0 runs, 0 hits, 0 errors, 0 left on base; Waterloo 0 - Clinton 0 |
TOP OF THE 6TH |
Waterloo Hawks batting - Pitching for Clinton Pilots : LHP Michael Weiermiller
|
Batting: RHB David Cusack
|
0-0: Ball 1-0: Ball 2-0: Ball 3-0: Base on Balls
|
Batting: RHB Edward Irvine
|
0-0: Fly out, F9 (Line Drive, 9, EV 92.5 MPH)
|
Batting: RHB Jay Loviglio
|
0-0: Ball 1-0: Called Strike 1-1: Fly out, F5 (Popup, 56S, EV 78.1 MPH)
|
Batting: RHB Joseph Kramer
|
0-0: Foul Ball, location: 2F 0-1: Ball 1-1: Foul Ball, location: 2F 1-2: Ball 2-2: Ball 3-2: Fly out, F8 (Flyball, 8RM, EV 99.4 MPH)
|
Top of the 6th over - 0 runs, 0 hits, 0 errors, 1 left on base; Waterloo 0 - Clinton 0 |
BOTTOM OF THE 6TH |
Clinton Pilots batting - Pitching for Waterloo Hawks : RHP Albert Arrieta
|
Batting: RHB Tom Riley
|
0-0: Ball 1-0: Fly out, F7 (Flyball, 7LM, EV 83.8 MPH)
|
Batting: SHB Alan Regier
|
0-0: Ball 1-0: Foul Ball, location: 2F 1-1: Ball 2-1: Ball 3-1: Base on Balls
|
Batting: RHB Ellis Burks
|
0-0: Ball 1-0: Ball 2-0: Swinging Strike 2-1: Ball 3-1: Called Strike 3-2: Fielders Choice at 2nd, 6-4 (Groundball, 6, EV 102.5 MPH)
|
Batting: RHB Alberto Reyes
|
0-0: Fly out, F8 (Flyball, 78D, EV 85.0 MPH)
|
Bottom of the 6th over - 0 runs, 0 hits, 0 errors, 1 left on base; Waterloo 0 - Clinton 0 |
TOP OF THE 7TH |
Waterloo Hawks batting - Pitching for Clinton Pilots : LHP Michael Weiermiller
|
Batting: LHB Ronald Davis
|
0-0: Foul Ball, location: 2F 0-1: Ball 1-1: Called Strike 1-2: Ball 2-2: Ball 3-2: Base on Balls
|
Batting: RHB Carmelo Aguayo
|
0-0: Foul Ball, location: 2F 0-1: Ball Wild Pitch! Ronald Davis to second 1-1: Foul Ball, location: 2F 1-2: Fly out, F9 (Flyball, 9D, EV 98.8 MPH)
|
Batting: RHB Juan Baez
|
0-0: Called Strike 0-1: Swinging Strike 0-2: Strikes out swinging
|
Batting: RHB Michael Williams
|
0-0: Ball Wild Pitch! Ronald Davis to third 1-0: Ball 2-0: SINGLE (Line Drive, 8RS, EV 96.9 MPH) Ronald Davis scores
|
Batting: RHB Mark Doran
|
0-0: Fly out, F9 (Flyball, 9, EV 85.0 MPH)
|
Top of the 7th over - 1 run, 1 hit, 0 errors, 1 left on base; Waterloo 1 - Clinton 0 |
BOTTOM OF THE 7TH |
Clinton Pilots batting - Pitching for Waterloo Hawks : RHP Albert Arrieta
|
Batting: LHB Darryl Stephens
|
0-0: Ground out U3 (Groundball, 34, EV 108.8 MPH)
|
Batting: LHB Epifano Martinez
|
0-0: Swinging Strike 0-1: Ball 1-1: Ground out 5-3 (Groundball, 56, EV 85.6 MPH)
|
Batting: RHB Mark Parent
|
0-0: Swinging Strike 0-1: Ball 1-1: Fly out, F8 (Flyball, 8LXD, EV 94.4 MPH)
|
Bottom of the 7th over - 0 runs, 0 hits, 0 errors, 0 left on base; Waterloo 1 - Clinton 0 |
TOP OF THE 8TH |
Waterloo Hawks batting - Pitching for Clinton Pilots : LHP Michael Weiermiller
|
Batting: RHB David Cusack
|
0-0: Ball 1-0: Ball 2-0: Called Strike 2-1: Ball 3-1: Called Strike 3-2: Base on Balls
|
Batting: RHB Edward Irvine
|
0-0: Ball 1-0: Ball 2-0: Called Strike 2-1: Swinging Strike 2-2: Ball 3-2: SINGLE (Groundball, 56D, EV 107.5 MPH) (infield hit) David Cusack to second
|
Batting: RHB Jay Loviglio
|
0-0: Ball 1-0: Bunted foul 1-1: Bunted foul 1-2: Ball 2-2: Foul Ball, location: 2F 2-2: Ball 3-2: DOUBLE (Flyball, 8LD, EV 105.6 MPH) David Cusack scores Edward Irvine to third Runner from 3rd tries for Home, SAFE, throw by CF to home
|
Batting: RHB Joseph Kramer
|
0-0: Intentional Walk
|
Batting: LHB Ronald Davis
|
0-0: Called Strike 0-1: Ball 1-1: Swinging Strike 1-2: Ball 2-2: Foul Ball, location: 2F 2-2: Ball 3-2: SINGLE (Flyball, 34D, EV 90.0 MPH) Jay Loviglio to third Joseph Kramer to second Jay Loviglio scores Joseph Kramer to third
|
Pitching: RHP Chris Espenoza
|
|
Batting: RHB Carmelo Aguayo
|
0-0: SINGLE (Groundball, 4MD, EV 106.9 MPH) Joseph Kramer scores Ronald Davis to second Runner from 2nd tries for 3rd, SAFE, throw by CF made to third
|
Batting: RHB Juan Baez
|
0-0: Called Strike 0-1: Swinging Strike 0-2: Ball 1-2: Ball 2-2: Strikes out swinging
|
Batting: RHB Michael Williams
|
0-0: SINGLE (Groundball, 56D, EV 101.9 MPH) Ronald Davis scores Carmelo Aguayo to second
|
Batting: RHB Mark Doran
|
0-0: Ball 1-0: Foul Ball, location: 2F 1-1: Ball 2-1: Ground out 5-3 (Groundball, 56S, EV 70.0 MPH) Carmelo Aguayo to third Michael Williams to second
|
Batting: RHB David Cusack
|
0-0: Ball 1-0: Ball 2-0: Called Strike 2-1: Ground out 4-3 (Groundball, 34, EV 105.6 MPH)
|
Top of the 8th over - 5 runs, 5 hits, 0 errors, 2 left on base; Waterloo 6 - Clinton 0 |
BOTTOM OF THE 8TH |
Clinton Pilots batting - Pitching for Waterloo Hawks : RHP Albert Arrieta
|
Batting: LHB Roman Dusquesne
|
0-0: Called Strike 0-1: Ball 1-1: Ball 2-1: Called Strike 2-2: Strikes out swinging
|
Batting: RHB Danny Chairez
|
0-0: Ball 1-0: Foul Ball, location: 2F 1-1: Ball 2-1: SINGLE (Line Drive, 9S, EV 89.4 MPH)
|
Batting: RHB Tom Riley
|
0-0: Foul Ball, location: 2F 0-1: Foul Ball, location: 2F 0-2: Ball 1-2: Grounds into double play, 4-6-3 (Groundball, 34, EV 90.6 MPH)
|
Bottom of the 8th over - 0 runs, 1 hit, 0 errors, 0 left on base; Waterloo 6 - Clinton 0 |
TOP OF THE 9TH |
Waterloo Hawks batting - Pitching for Clinton Pilots : RHP Chris Espenoza
|
Batting: RHB Edward Irvine
|
0-0: Fly out, F9 (Flyball, 9, EV 87.5 MPH)
|
Batting: RHB Jay Loviglio
|
0-0: Ball 1-0: Ball 2-0: SINGLE (Groundball, 5S, EV 75.6 MPH) (infield hit)
|
Batting: RHB Joseph Kramer
|
0-0: Called Strike 0-1: Ball 1-1: Ball 2-1: Foul Ball, location: 2F 2-2: Fly out, F3 (Popup, 3SF, EV 61.3 MPH)
|
Batting: LHB Ronald Davis
|
0-0: Called Strike 0-1: Ball 1-1: Ball 2-1: Foul Ball, location: 2F 2-2: Fly out, F8 (Flyball, 8LM, EV 71.9 MPH)
|
Top of the 9th over - 0 runs, 1 hit, 0 errors, 1 left on base; Waterloo 6 - Clinton 0 |
BOTTOM OF THE 9TH |
Clinton Pilots batting - Pitching for Waterloo Hawks : RHP Albert Arrieta
|
Batting: SHB Alan Regier
|
0-0: Called Strike 0-1: Called Strike 0-2: Ball 1-2: Fly out, F5 (Popup, 25F, EV 85.0 MPH)
|
Batting: RHB Ellis Burks
|
0-0: Ball 1-0: Ball 2-0: Ball 3-0: Base on Balls
|
Batting: RHB Alberto Reyes
|
0-0: Ball 1-0: Called Strike 1-1: SINGLE (Groundball, 4S, EV 66.9 MPH) (infield hit) Ellis Burks to second
|
Batting: LHB Darryl Stephens
|
0-0: Called Strike 0-1: Ball 1-1: Called Strike 1-2: Grounds into double play, 3-6-1 (Groundball, 34, EV 103.8 MPH)
|
Bottom of the 9th over - 0 runs, 1 hit, 0 errors, 1 left on base; Waterloo 6 - Clinton 0 |
|